Map: Eternal Empire LE

Players

gamegene - Winner!

  • Race: Terran Terran
  • Spawn Location: 7:00

MaruKondo

  • Race: Terran Terran
  • League: Grandmaster
  • Spawn Location: 1:00

VOD

Have the link to the VOD?

Description

Time

  • Played on: May 25, 2020, 10:23 a.m.
  • Length: 9:04
Show
View Real Time Build Order
Export as new Build Order

gamegene Terran - Winner!

Build Orders: Liberator Opening, Mech 

Get SALT Encoding   

  12  0:00  SCV  
  13  0:12  SCV  
  14  0:17  Supply Depot  
  14  0:25  SCV  
  15  0:32  Refinery  
  15  0:39  SCV  
  16  0:44  Barracks  
  16  0:51  SCV  
  17  1:03  SCV  
  18  1:15  SCV  
  19  1:31  Marine, Orbital Command  
  20  1:34  Factory  
  20  1:45  Supply Depot  
  20  1:49  Marine  
  21  1:57  SCV  
  22  2:07  Marine  
  23  2:12  SCV  
  24  2:18  Hellion  
  26  2:24  SCV  
  26  2:27  Command Center  
  27  2:36  SCV, Barracks Tech Lab  
  28  2:37  Supply Depot  
  28  2:41  Refinery  
  28  2:51  SCV  
  29  2:55  Starport  
  29  3:07  SCV  
  29  3:08  Barracks Tech Lab  
  25  3:38  Cyclone  
  25  3:41  Orbital Command  
  28  3:43  SCV  
  28  3:48  Liberator  
  28  3:55  SCV  
  32  3:59  Barracks Reactor, Command Center  
  32  4:06  SCV  
  32  4:07  SCV, Refinery  
  34  4:14  Cyclone  
  37  4:18  SCV  
  37  4:19  SCV  
  39  4:31  SCV  
  40  4:33  Refinery  
  40  4:38  SCV  
  40  4:39  Starport Reactor  
  40  4:43  SCV  
  42  4:47  Supply Depot  
  42  4:48  Armory  
  42  4:50  SCV  
  43  4:54  Factory  
  43  4:55  SCV  
  44  5:03  SCV  
  44  5:04  Hellion x2  
  44  5:06  Supply Depot  
  49  5:07  Factory  
  49  5:10  SCV  
  50  5:15  SCV  
  50  5:17  Orbital Command  
  51  5:23  Viking  
  51  5:28  Viking  
  55  5:31  SCV  
  55  5:32  SCV  
  57  5:41  Orbital Command  
  57  5:43  SCV  
  57  5:45  SCV  
  59  5:51  Siege Tank x2  
  59  5:52  Infernal Pre-Igniter  
  59  5:55  SCV  
  66  5:57  Terran Vehicle Weapons Level 1  
  66  5:59  Hellion x2  
  66  6:04  SCV  
  71  6:07  SCV  
  71  6:09  Supply Depot  
  72  6:13  SCV  
  72  6:16  SCV  
  74  6:20  SCV  
  74  6:21  Hellion  
  77  6:27  Siege Tank  
  77  6:28  Siege Tank, Hellion  
  77  6:31  SCV  
  87  6:34  Supply Depot  
  85  6:42  Hellion  
  85  6:43  SCV  
  86  6:49  Hellion  
  77  6:57  Orbital Command  
  77  7:00  Hellion x2  
  65  7:03  SCV x2  
  65  7:04  Hellion  
  62  7:11  Hellion  
  62  7:15  SCV x2  
  66  7:21  Hellion  
  66  7:22  Hellion  
  70  7:25  Hellion  
  70  7:27  SCV x2  
  72  7:32  Hellion  
  74  7:38  SCV  
  74  7:39  SCV x2  
  74  7:42  Siege Tank  
  74  7:43  Hellion  
  82  7:44  Viking x2  
  82  7:50  SCV, Hellion  
  89  7:53  SCV x2  
  89  7:56  Hellion  
  93  8:03  SCV  
  93  8:04  Hellion  
  96  8:11  Hellion  
  96  8:12  SCV  
  99  8:13  SCV  
  99  8:15  SCV  
  101  8:21  Siege Tank, Supply Depot  
  101  8:24  SCV  
  105  8:29  Hellion  
  102  8:39  Hellion  
  97  8:46  SCV  
  108  9:03  Barracks Reactor  
Show
View Real Time Build Order
Export as new Build Order

MaruKondo Terran 

Build Orders: Gas First Reaper Expand 

Get SALT Encoding   

  12  0:01  SCV  
  13  0:13  SCV  
  14  0:17  Supply Depot  
  14  0:25  SCV  
  14  0:27  Refinery  
  15  0:39  SCV  
  16  0:45  Barracks  
  16  0:51  SCV  
  17  1:03  SCV  
  18  1:15  SCV  
  19  1:33  Orbital Command, Reaper  
  20  1:45  Command Center  
  20  2:00  SCV  
  21  2:02  Factory  
  20  2:08  Barracks Reactor  
  20  2:13  Refinery  
  20  2:14  SCV  
  21  2:22  Supply Depot  
  21  2:26  SCV  
  22  2:39  SCV  
  23  2:47  Factory Tech Lab  
  23  2:51  SCV  
  24  2:53  Marine x2  
  26  3:03  SCV  
  26  3:08  Cyclone  
  26  3:10  Marine x2  
  30  3:14  Starport  
  30  3:15  SCV  
  30  3:27  SCV  
  30  3:32  Marine  
  31  3:34  Marine  
  31  3:39  SCV  
  34  3:48  Siege Tank  
  34  3:50  Marine  
  34  3:51  SCV, Orbital Command  
  34  3:52  Marine  
  34  3:54  Starport Tech Lab  
  37  4:03  SCV  
  37  4:04  Refinery  
  38  4:15  SCV  
  38  4:16  Raven  
  41  4:19  SCV  
  41  4:24  Supply Depot  
  42  4:28  SCV  
  42  4:31  SCV  
  44  4:38  Marine x2  
  45  4:45  SCV x2, Siege Tank  
  51  4:47  Supply Depot  
  51  4:56  Marine x2  
  51  4:57  SCV  
  54  5:06  Supply Depot  
  54  5:08  Raven, SCV  
  56  5:17  Siege Tank  
  59  5:24  SCV x2  
  59  5:28  Supply Depot  
  61  5:38  SCV x2  
  63  5:44  Command Center  
  63  5:50  SCV x2  
  63  5:51  Supply Depot  
  63  5:55  Siege Tank  
  68  6:00  Starport Reactor  
  68  6:02  SCV x2  
  70  6:05  Stimpack  
  70  6:06  Marine  
  71  6:14  SCV x2  
  71  6:17  Barracks  
  71  6:18  Barracks  
  73  6:19  Refinery  
  73  6:21  Supply Depot  
  73  6:24  Marine  
  74  6:26  SCV x2  
  74  6:27  Siege Tank  
  79  6:38  SCV x2  
  81  6:43  Marine  
  82  6:50  SCV x2  
  84  6:59  Siege Tank  
  84  7:01  Marine  
  87  7:02  SCV  
  87  7:03  Engineering Bay, SCV  
  87  7:04  Engineering Bay  
  77  7:15  SCV x2  
  75  7:20  Barracks x2  
  75  7:21  Starport Reactor  
  75  7:22  Marine  
  75  7:23  Marine x4  
  75  7:27  SCV x2, Orbital Command  
  82  7:31  Siege Tank  
  81  7:39  SCV  
  81  7:40  Marine x2  
  81  7:41  Marine x3  
  87  7:45  Combat Shield  
  87  7:47  SCV  
  87  7:51  SCV  
  89  7:53  SCV  
  89  7:58  Marine x3  
  89  7:59  Marine x2, SCV  
  89  8:03  SCV  
  96  8:05  SCV, Medivac  
  96  8:06  Medivac  
  96  8:09  Barracks Reactor x2  
  96  8:11  Refinery  
  96  8:12  SCV, Refinery  
  101  8:15  SCV  
  101  8:16  Marine x2  
  101  8:18  SCV  
  101  8:19  Sensor Tower  
  105  8:24  SCV, Armory  
  105  8:25  Marine  
  105  8:26  Marine x2  
  109  8:34  Marine x2  
  89  8:43  Marine x2  
  89  8:44  Marine  
Tags
 
Add a new tag
Caveats
  • Supply blocks, unpowered buildings, or Contaminate may cause inaccurate times.
  • Supply counts are checked every 10 seconds.